TOP OF THE 1ST |
Visalia Rawhide batting - Pitching for San Jose Giants : LHP Bryan Townsend
|
Pitching: LHP Bryan Townsend
|
|
Batting: SHB Brad Bauer
|
0-0: SOLO HOME RUN (Flyball, 9D, EV 96.9 MPH), Distance : 384 ft
|
Batting: RHB Chris Luehrs
|
0-0: Ball 1-0: Ground out 5-3 (Groundball, 56, EV 88.8 MPH)
|
Batting: SHB Austin Estes
|
0-0: Ball 1-0: Reached on error, E4 (Groundball, 4, EV 104.4 MPH)
|
Batting: LHB Jason Cooksey
|
0-0: Ball 1-0: Called Strike 1-1: Ball 2-1: Foul Ball, location: 23F 2-2: Strikes out swinging
|
Batting: RHB John Poynter
|
0-0: Fly out, F8 (Line Drive, 8RM, EV 89.4 MPH)
|
Top of the 1st over - 1 run, 1 hit, 1 error, 1 left on base; Visalia 1 - San Jose 0 |
BOTTOM OF THE 1ST |
San Jose Giants batting - Pitching for Visalia Rawhide : RHP Chi-ju Tze
|
Pitching: RHP Chi-ju Tze
|
|
Batting: RHB Chris Webster
|
0-0: Ball 1-0: Swinging Strike 1-1: Foul Ball, location: 23FF 1-2: Fly out, F9 (Flyball, 89M, EV 88.8 MPH)
|
Batting: RHB Kevin Shaffer
|
0-0: DOUBLE (Groundball, 5L, EV 102.5 MPH)
|
Batting: RHB Willie Verduzco
|
0-0: Foul Ball, location: 3DF 0-1: Ball 1-1: DOUBLE (Line Drive, 9LS, EV 103.8 MPH) Kevin Shaffer scores
|
Batting: RHB Alex Bushbaum
|
0-0: SINGLE (Groundball, 3D, EV 110.0 MPH) (infield hit) Willie Verduzco to third
|
Batting: RHB Juan Castro
|
0-0: Ball 1-0: Ball 2-0: Ball 3-0: Called Strike 3-1: Fly out, F8 (Flyball, 8LD, EV 76.9 MPH) Runner from 3rd tags up, SCORES, no throw by CF
|
Batting: RHB Alejandro Cisneros
|
0-0: Swinging Strike 0-1: Ball 1-1: Ball 2-1: Ball 3-1: Ground out 5-3 (Groundball, 5L, EV 87.5 MPH)
|
Bottom of the 1st over - 2 runs, 3 hits, 0 errors, 1 left on base; Visalia 1 - San Jose 2 |
TOP OF THE 2ND |
Visalia Rawhide batting - Pitching for San Jose Giants : LHP Bryan Townsend
|
Batting: LHB Nate Humphery
|
0-0: Ball 1-0: Swinging Strike 1-1: Ball 2-1: Ball 3-1: Foul Ball, location: 2F 3-2: Fly out, F9 (Line Drive, 9, EV 86.9 MPH)
|
Batting: RHB Jesse Nelson
|
0-0: Ball 1-0: Ball 2-0: Ball 3-0: Base on Balls
|
Batting: SHB Pete Jackson
|
0-0: Ball 1-0: Ball 2-0: Called Strike 2-1: 2-RUN HOME RUN (Flyball, 9D, EV 99.4 MPH), Distance : 387 ft
|
Batting: RHB Brian Newman
|
0-0: Called Strike 0-1: Fly out, F8 (Flyball, 8RD, EV 103.8 MPH)
|
Batting: SHB Brad Bauer
|
0-0: Called Strike 0-1: Hit by Pitch
|
Batting: RHB Chris Luehrs
|
0-0: Called Strike 0-1: Ball 1-1: Fly out, F3 (Popup, 3S, EV 85.6 MPH)
|
Top of the 2nd over - 2 runs, 1 hit, 0 errors, 1 left on base; Visalia 3 - San Jose 2 |
BOTTOM OF THE 2ND |
San Jose Giants batting - Pitching for Visalia Rawhide : RHP Chi-ju Tze
|
Batting: LHB Orlando Renteria
|
0-0: Ball 1-0: Foul Ball, location: 9LSF 1-1: Ball 2-1: Foul Ball, location: 2F 2-2: Foul Ball, location: 7LDF 2-2: Ball 3-2: Foul Ball, location: 5F 3-2: Strikes out swinging
|
Batting: RHB Roland Meyer
|
0-0: Ball 1-0: Ball 2-0: Ground out 5-3 (Groundball, 56, EV 81.3 MPH)
|
Batting: RHB Aaron Mayo
|
0-0: Foul Ball, location: 2F 0-1: Foul Ball, location: 25F 0-2: Ball 1-2: Ball 2-2: Ball 3-2: Strikes out swinging
|
Bottom of the 2nd over - 0 runs, 0 hits, 0 errors, 0 left on base; Visalia 3 - San Jose 2 |
TOP OF THE 3RD |
Visalia Rawhide batting - Pitching for San Jose Giants : LHP Bryan Townsend
|
Batting: SHB Austin Estes
|
0-0: Called Strike 0-1: Foul Ball, location: 7LMF 0-2: Ball 1-2: Foul Ball, location: 2F 1-2: Foul Ball, location: 5FF 1-2: Ball 2-2: Foul Ball, location: 2F 2-2: Strikes out swinging
|
Batting: LHB Jason Cooksey
|
0-0: Ball 1-0: Swinging Strike 1-1: Called Strike 1-2: Foul Ball, location: 25F 1-2: Ball 2-2: Foul Ball, location: 2F 2-2: Strikes out swinging
|
Batting: RHB John Poynter
|
0-0: Ball 1-0: Swinging Strike 1-1: Swinging Strike 1-2: Foul Ball, location: 3F 1-2: Strikes out swinging
|
Top of the 3rd over - 0 runs, 0 hits, 0 errors, 0 left on base; Visalia 3 - San Jose 2 |
BOTTOM OF THE 3RD |
San Jose Giants batting - Pitching for Visalia Rawhide : RHP Chi-ju Tze
|
Batting: RHB Chris Webster
|
0-0: Called Strike 0-1: DOUBLE (Line Drive, 78M, EV 94.4 MPH)
|
Batting: RHB Kevin Shaffer
|
0-0: Ball 1-0: Called Strike 1-1: Ball 2-1: Fly out, F4 (Popup, 34D, EV 55.6 MPH)
|
Batting: RHB Willie Verduzco
|
0-0: Ball 1-0: Ground out 4-3 (Groundball, 34D, EV 95.6 MPH) Chris Webster to third
|
Batting: RHB Alex Bushbaum
|
0-0: Ground out U3 (Groundball, 3, EV 103.1 MPH)
|
Bottom of the 3rd over - 0 runs, 1 hit, 0 errors, 1 left on base; Visalia 3 - San Jose 2 |
TOP OF THE 4TH |
Visalia Rawhide batting - Pitching for San Jose Giants : LHP Bryan Townsend
|
Batting: LHB Nate Humphery
|
0-0: Ball 1-0: Swinging Strike 1-1: Ball 2-1: Called Strike 2-2: Ball 3-2: Base on Balls
|
Batting: RHB Jesse Nelson
|
0-0: DOUBLE (Flyball, 8LXD, EV 97.5 MPH) Nate Humphery to third
|
Batting: SHB Pete Jackson
|
0-0: Ground out 6-3 (Groundball, 6, EV 101.3 MPH)
|
Batting: RHB Brian Newman
|
0-0: Ball 1-0: Ball 2-0: Fly out, F8 (Flyball, 8LM, EV 84.4 MPH) Runner from 3rd tags up, SCORES, throw by CF Jesse Nelson to third
|
Batting: SHB Brad Bauer
|
0-0: Ball 1-0: Called Strike 1-1: Ground out 1-3 (Groundball, 15S, EV 67.5 MPH)
|
Top of the 4th over - 1 run, 1 hit, 0 errors, 1 left on base; Visalia 4 - San Jose 2 |
BOTTOM OF THE 4TH |
San Jose Giants batting - Pitching for Visalia Rawhide : RHP Chi-ju Tze
|
Batting: RHB Juan Castro
|
0-0: Foul Ball, location: 2F 0-1: Ball 1-1: Foul Ball, location: 2LF 1-2: Foul Ball, location: 7LMF 1-2: Ball 2-2: Ball 3-2: Foul Ball, location: 2F 3-2: Fly out, F9 (Flyball, 9, EV 96.9 MPH)
|
Batting: RHB Alejandro Cisneros
|
0-0: Ball 1-0: Foul Ball, location: 7LSF 1-1: Ball 2-1: Swinging Strike 2-2: Ball 3-2: SINGLE (Groundball, 2L, EV 67.5 MPH) (infield hit)
|
Batting: LHB Orlando Renteria
|
0-0: Called Strike 0-1: Foul Ball, location: 7LMF 0-2: Ball 1-2: Grounds into double play, 6-4-3 (Groundball, 6, EV 85.6 MPH)
|
Bottom of the 4th over - 0 runs, 1 hit, 0 errors, 0 left on base; Visalia 4 - San Jose 2 |
TOP OF THE 5TH |
Visalia Rawhide batting - Pitching for San Jose Giants : LHP Bryan Townsend
|
Batting: RHB Chris Luehrs
|
0-0: Called Strike 0-1: Ground out 6-3 (Groundball, 6, EV 80.6 MPH)
|
Batting: SHB Austin Estes
|
0-0: Ground out 5-3 (Groundball, 5, EV 85.6 MPH)
|
Batting: LHB Jason Cooksey
|
0-0: Foul Ball, location: 2F 0-1: Called Strike 0-2: Ball 1-2: Strikes out swinging
|
Top of the 5th over - 0 runs, 0 hits, 0 errors, 0 left on base; Visalia 4 - San Jose 2 |
BOTTOM OF THE 5TH |
San Jose Giants batting - Pitching for Visalia Rawhide : RHP Chi-ju Tze
|
Batting: RHB Roland Meyer
|
0-0: Fly out, F7 (Line Drive, 7, EV 95.6 MPH)
|
Batting: RHB Aaron Mayo
|
0-0: Swinging Strike 0-1: Called Strike 0-2: Ball 1-2: Foul Ball, location: 23F 1-2: Strikes out swinging
|
Batting: RHB Chris Webster
|
0-0: Ball 1-0: Called Strike 1-1: Foul Ball, location: 9LDF 1-2: Fly out, F9 (Flyball, 9LD, EV 91.9 MPH)
|
Bottom of the 5th over - 0 runs, 0 hits, 0 errors, 0 left on base; Visalia 4 - San Jose 2 |
TOP OF THE 6TH |
Visalia Rawhide batting - Pitching for San Jose Giants : LHP Bryan Townsend
|
Batting: RHB John Poynter
|
0-0: Ground out 6-3 (Groundball, 6MD, EV 96.9 MPH)
|
Batting: LHB Nate Humphery
|
0-0: Foul Ball, location: 2F 0-1: Foul Ball, location: 2F 0-2: Ball 1-2: Strikes out swinging
|
Batting: RHB Jesse Nelson
|
0-0: Ball 1-0: Ball 2-0: Called Strike 2-1: Fly out, F4 (Popup, 4, EV 81.3 MPH)
|
Top of the 6th over - 0 runs, 0 hits, 0 errors, 0 left on base; Visalia 4 - San Jose 2 |
BOTTOM OF THE 6TH |
San Jose Giants batting - Pitching for Visalia Rawhide : RHP Chi-ju Tze
|
Batting: RHB Kevin Shaffer
|
0-0: Ball 1-0: Called Strike 1-1: Called Strike 1-2: Ball 2-2: Reached on error, E5 (Groundball, 56, EV 90.0 MPH)
|
Batting: RHB Willie Verduzco
|
0-0: Ball 1-0: Ball 2-0: Called Strike 2-1: Called Strike 2-2: SINGLE (Line Drive, 9S, EV 94.4 MPH) Kevin Shaffer to third
|
Batting: RHB Alex Bushbaum
|
0-0: Called Strike 0-1: Grounds into double play, 1-6-3 (Groundball, 13, EV 63.1 MPH)
|
Pinch Hitting: RHB Danny Archuleta
|
0-0: Called Strike 0-1: Swinging Strike 0-2: Foul Ball, location: 2F 0-2: Ball 1-2: Strikes out swinging
|
Bottom of the 6th over - 0 runs, 1 hit, 1 error, 1 left on base; Visalia 4 - San Jose 2 |
TOP OF THE 7TH |
Visalia Rawhide batting - Pitching for San Jose Giants : LHP Bryan Townsend
|
Now at 3B: Danny Archuleta
|
|
Batting: SHB Pete Jackson
|
0-0: Called Strike 0-1: Foul Ball, location: 2F 0-2: Ball 1-2: Foul Ball, location: 7LMF 1-2: Strikes out swinging
|
Pitching: RHP Lee Barsa
|
|
Batting: RHB Brian Newman
|
0-0: Ball 1-0: Ball 2-0: Ball 3-0: Base on Balls
|
Batting: SHB Brad Bauer
|
0-0: Called Strike 0-1: Ball 1-1: Ball 2-1: Ball 3-1: Base on Balls Brian Newman to second
|
Batting: RHB Chris Luehrs
|
0-0: Ball 1-0: Ball 2-0: Called Strike 2-1: Foul Ball, location: 25F 2-2: Ball 3-2: Foul Ball, location: 2F 3-2: Strikes out swinging
|
Batting: SHB Austin Estes
|
0-0: Ball 1-0: DOUBLE (Line Drive, 7LS, EV 93.8 MPH) Brian Newman scores Brad Bauer to third
|
Batting: LHB Jason Cooksey
|
0-0: Ball 1-0: Called Strike 1-1: Fly out, F9 (Flyball, 89D, EV 97.5 MPH)
|
Top of the 7th over - 1 run, 1 hit, 0 errors, 2 left on base; Visalia 5 - San Jose 2 |
BOTTOM OF THE 7TH |
San Jose Giants batting - Pitching for Visalia Rawhide : RHP Chi-ju Tze
|
Pitching: RHP Juan Adolfo
|
|
Batting: RHB Alejandro Cisneros
|
0-0: Ball 1-0: Ground out 6-3 (Groundball, P, EV 81.9 MPH)
|
Batting: LHB Orlando Renteria
|
0-0: Fly out, F8 (Flyball, 8RXD, EV 84.4 MPH)
|
Batting: RHB Roland Meyer
|
0-0: Swinging Strike 0-1: Ball 1-1: Called Strike 1-2: Foul Ball, location: 2F 1-2: Foul Ball, location: 2F 1-2: SINGLE (Line Drive, 78M, EV 94.4 MPH)
|
Pinch Hitting: RHB Rich Nuila
|
0-0: SINGLE (Line Drive, 4D, EV 107.5 MPH) Roland Meyer to second Runner from 2nd tries for 3rd, SAFE, throw by CF made to third
|
Batting: RHB Chris Webster
|
0-0: Called Strike 0-1: Swinging Strike 0-2: Strikes out swinging
|
Bottom of the 7th over - 0 runs, 2 hits, 0 errors, 2 left on base; Visalia 5 - San Jose 2 |
TOP OF THE 8TH |
Visalia Rawhide batting - Pitching for San Jose Giants : RHP Lee Barsa
|
Pitching: RHP Luke Birchfield
|
|
Now at SS: Alex Perez
|
|
Batting: RHB John Poynter
|
0-0: Foul Ball, location: 2F 0-1: Foul Ball, location: 9LDF 0-2: Foul Ball, location: 2F 0-2: Ball 1-2: Ball 2-2: Ball 3-2: Foul Ball, location: 5DF 3-2: Ground out 6-3 (Groundball, 6, EV 110.6 MPH)
|
Batting: LHB Nate Humphery
|
0-0: Foul Ball, location: 7LSF 0-1: Ground out 6-3 (Groundball, P, EV 88.8 MPH)
|
Batting: RHB Jesse Nelson
|
0-0: Called Strike 0-1: Ball 1-1: Ball 2-1: SINGLE (Groundball, 34D, EV 97.5 MPH)
|
Batting: SHB Pete Jackson
|
0-0: Ball 1-0: Ball 2-0: Foul Ball, location: 9LSFF 2-1: Foul Ball, location: 2F 2-2: Foul Ball, location: 3FF 2-2: SINGLE (Line Drive, 9S, EV 105.6 MPH) Jesse Nelson to second
|
Batting: RHB Brian Newman
|
0-0: Called Strike 0-1: SINGLE (Flyball, 8LS, EV 89.4 MPH) Jesse Nelson to third Pete Jackson to second Runner from 3rd tries for Home, SAFE, throw by CF to home
|
Batting: SHB Brad Bauer
|
0-0: Ball 1-0: Called Strike 1-1: Ball 2-1: Foul Ball, location: 25F 2-2: Foul Ball, location: 2F 2-2: DOUBLE (Flyball, 89D, EV 87.5 MPH) Pete Jackson scores Brian Newman to third Runner from 3rd tries for Home, SAFE, no throw by CF
|
Batting: RHB Chris Luehrs
|
0-0: SINGLE (Groundball, 6MD, EV 101.9 MPH) Brad Bauer to third Throwing error, E8 Brad Bauer scores Chris Luehrs to second
|
Pitching: RHP William Wise
|
|
Batting: SHB Austin Estes
|
0-0: Foul Ball, location: 9LSFF 0-1: Swinging Strike 0-2: Foul Ball, location: 2F 0-2: Foul Ball, location: 3FF 0-2: Ball 1-2: Ball 2-2: Ball 3-2: Strikes out swinging
|
Top of the 8th over - 4 runs, 5 hits, 1 error, 1 left on base; Visalia 9 - San Jose 2 |
BOTTOM OF THE 8TH |
San Jose Giants batting - Pitching for Visalia Rawhide : RHP Juan Adolfo
|
Pinch Hitting: LHB John Brown
|
0-0: Called Strike 0-1: Ground out U3 (Groundball, 3, EV 76.3 MPH)
|
Batting: RHB Willie Verduzco
|
0-0: Called Strike 0-1: Ball 1-1: Called Strike 1-2: DOUBLE (Groundball, 5L, EV 104.4 MPH)
|
Batting: RHB Alex Bushbaum
|
0-0: Ball 1-0: Foul Ball, location: 23FF 1-1: Foul Ball, location: 2F 1-2: Ball 2-2: Ball 3-2: Base on Balls
|
Batting: RHB Danny Archuleta
|
0-0: Ball 1-0: Foul Ball, location: 9LDF 1-1: Fly out, F7 (Flyball, 7D, EV 91.3 MPH)
|
Pinch Hitting: LHB Miguel Jurado
|
0-0: Ball 1-0: Ball 2-0: Foul Ball, location: 2F 2-1: Fly out, F8 (Flyball, 8LM, EV 90.0 MPH)
|
Bottom of the 8th over - 0 runs, 1 hit, 0 errors, 2 left on base; Visalia 9 - San Jose 2 |
TOP OF THE 9TH |
Visalia Rawhide batting - Pitching for San Jose Giants : RHP William Wise
|
Now at 2B: Hector Rivera
|
|
Now in LF: Miguel Jurado
|
|
Pinch Hitting: RHB Jim Wemmers
|
0-0: Fly out, F8 (Line Drive, 8RM, EV 93.8 MPH)
|
Batting: RHB John Poynter
|
0-0: Swinging Strike 0-1: Ball 1-1: Ball 2-1: Swinging Strike 2-2: Ball 3-2: Strikes out looking
|
Batting: LHB Nate Humphery
|
0-0: Fly out, F7 (Flyball, 78M, EV 94.4 MPH)
|
Top of the 9th over - 0 runs, 0 hits, 0 errors, 0 left on base; Visalia 9 - San Jose 2 |
BOTTOM OF THE 9TH |
San Jose Giants batting - Pitching for Visalia Rawhide : RHP Juan Adolfo
|
Now at 1B: Jim Wemmers
|
|
Batting: LHB Orlando Renteria
|
0-0: Foul Ball, location: 2F 0-1: Swinging Strike 0-2: Ball 1-2: Strikes out swinging
|
Batting: RHB Roland Meyer
|
0-0: Called Strike 0-1: Ball 1-1: Ball 2-1: Swinging Strike 2-2: Strikes out looking
|
Batting: LHB Alex Perez
|
0-0: Ball 1-0: Swinging Strike 1-1: Ball 2-1: Foul Ball, location: 2F 2-2: Ball 3-2: Strikes out swinging
|
Bottom of the 9th over - 0 runs, 0 hits, 0 errors, 0 left on base; Visalia 9 - San Jose 2 |
|